 Dungeon Crawl Stone Soup version 0.32-a0-18-g89e19f1974 (webtiles) character file.

Game seed: 15715450156804640140

2085254 Salticid the Crack Shot (level 25, 245/245 HPs)
             Began as a Demigod Hunter on Jan 15, 2024.
             Escaped with the Orb
             ... and 3 runes
             ... and 1 gem (0 intact) on Jan 16, 2024!
             The game lasted 03:49:43 (50800 turns).

Salticid the Crack Shot (Demigod Hunter)           Turns: 50800, Time: 03:49:44

Health: 245/245    AC: 17    Str: 12    XL:     25   Next: 62%
Magic:  32/32      EV: 67    Int: 11    God:
Gold:   4520       SH:  0    Dex: 61    Spells: 16/30 levels left

rFire   + + .        a - +9 triple crossbow (freeze)
rCold   + . .        (shield currently unavailable)
rNeg    + . .        k - +3 leather armour {rC+ rF+}
rPois   .            G - +0 mask of the Dragon {Will+ Slay+3 SInv}
rElec   .            e - +2 cloak {Will+}
rCorr   .            p - +2 pair of gloves
SInv    +            L - +4 pair of boots "Ihimezox" {rF+ rC- rN+}
Will    +++++        z - amulet "Rotiagu" {Harm Regen+ Dex+3}
Stlth   ++           t - +6 ring of dexterity
HPRegen 1.40/turn    y - ring "Aqaroq" {rC+ Will+ Dex+3}
MPRegen 0.23/turn

%: harm (+30% outgoing, +20% incoming)
@: no status effects
A: high MP 1, forlorn, divine attributes
0: Orb of Zot
}: 3/15 runes: decaying, serpentine, silver
a: no special abilities


You escaped.
You visited 12 branches of the dungeon, and saw 52 of its levels.
You also visited: Bailey, Gauntlet, Ice Cave, Volcano and Wizlab.

You collected 8209 gold pieces.
You spent 3689 gold pieces at shops.

Inventory:

Hand Weapons
 a - a +9 triple crossbow of freezing (weapon)
 f - the +5 triple crossbow of Avaenau {heavy, rC- Dex+6}
   (You acquired it on level 3 of the Crypt)

   Dex+6:     It affects your dexterity (+6).
   rC-:       It makes you vulnerable to cold.
Missiles
 O - 29 curare-tipped darts
 X - 2 throwing nets
Armour
 e - a +2 cloak of willpower (worn)
 k - a +3 leather armour of resistance (worn)
 p - a +2 pair of gloves (worn)
 G - the +0 mask of the Dragon (worn) {Will+ Slay+3 SInv}
   (You acquired it on level 2 of the Lair of Beasts)

   Slay+3:    It affects your accuracy & damage with ranged weapons and melee
   (+3).
   Will+:     It increases your willpower.
   SInv:      It lets you see invisible.
 L - the +4 pair of boots "Ihimezox" (worn) {rF+ rC- rN+}
   (You found it on level 1 of the Swamp)

   rF+:       It protects you from fire.
   rC-:       It makes you vulnerable to cold.
   rN+:       It protects you from negative energy.
Jewellery
 l - a ring of poison resistance
 t - a +6 ring of dexterity (left hand)
 u - a ring of flight
 x - the amulet of Xorod {Spirit Dex+6}
   (You found it on level 3 of the Crypt)

   [amulet of guardian spirit]

   Spirit:    It causes incoming damage to be divided between your reserves of
   health and magic.
   Dex+6:     It affects your dexterity (+6).
 y - the ring "Aqaroq" (right hand) {rC+ Will+ Dex+3}
   (You found it in an ice cave)

   [ring of protection from cold]

   Dex+3:     It affects your dexterity (+3).
   rC+:       It protects you from cold.
   Will+:     It increases your willpower.
 z - the amulet "Rotiagu" (around neck) {Harm Regen+ Dex+3}
   (You took it off an orc on level 3 of the Dungeon)

   [amulet of regeneration]

   Dex+3:     It affects your dexterity (+3).
   Regen+:    It increases your rate of health regeneration.
   Harm:      It increases damage dealt and taken.
 B - the ring "Hasouzu" {Wiz rCorr Int+4}
   (You took it off a deep elf knight on level 3 of the Elven Halls)

   [ring of wizardry]

   Wiz:       It improves your spell success rate.
   Int+4:     It affects your intelligence (+4).
   rCorr:     It protects you from acid and corrosion.
 N - the ring "Miessut" {+Blink rN+ EV+5 Int+3 Dex+3}
   (You found it on level 4 of the Realm of Zot)

   [ring of evasion]

   EV+5:      It affects your evasion (+5).
   Int+3:     It affects your intelligence (+3).
   Dex+3:     It affects your dexterity (+3).
   rN+:       It protects you from negative energy.
   +Blink:    It lets you blink.
 V - the ring "Maergh" {Fire +Blink rElec rN+ Stlth+}
   (You found it on level 4 of the Depths)

   [ring of fire]

   Fire:      It enhances your fire magic.
   rF+:       It protects you from fire.
   rC-:       It makes you vulnerable to cold.
   rElec:     It insulates you from electricity.
   rN+:       It protects you from negative energy.
   +Blink:    It lets you blink.
   Stlth+:    It makes you more stealthy.
Wands
 I - a wand of digging (12)
 K - a wand of iceblast (66)
 P - a wand of light (26)
 W - a wand of paralysis (32)
Scrolls
 c - 3 scrolls of revelation
 g - 9 scrolls of enchant armour
 n - 9 scrolls of blinking
 o - 15 scrolls of poison
 r - 3 scrolls of enchant weapon
 s - 12 scrolls of immolation
 w - 20 scrolls of teleportation
 C - 2 scrolls of torment
 D - 8 scrolls of fear
 E - 5 scrolls of summoning
 Q - 4 scrolls of silence
 S - 14 scrolls of fog
 Y - 3 scrolls of vulnerability
Potions
 b - 7 potions of brilliance
 d - 26 potions of curing
 h - 9 potions of mutation
 i - 12 potions of heal wounds
 j - 5 potions of ambrosia
 q - 5 potions of resistance
 H - 9 potions of lignification
 J - 5 potions of haste
 M - 10 potions of cancellation
 T - 5 potions of magic
 U - 5 potions of enlightenment
 Z - 6 potions of invisibility
Miscellaneous
 m - a box of beasts
 v - a lightning rod (4/4)
 A - a phantom mirror
 F - a phial of floods
 R - a tin of tremorstones (2/2)


   Skills:
 + Level 24.1 Fighting
 - Level 26.0 Ranged Weapons
 - Level 0.3 Armour
 + Level 24.1 Dodging
 - Level 4.0 Stealth
 - Level 3.0 Spellcasting
 - Level 10.0 Hexes
 - Level 11.0 Translocations
 - Level 3.0 Earth Magic
 - Level 9.0 Evocations


You had 16 spell levels left.
You knew the following spells:

 Your Spells              Type           Power      Damage    Failure   Level
a - Blink                 Tloc           50%        N/A       1%          2
b - Passwall              Erth           8%         N/A       28%         3
c - Passage of Golubria   Tloc           25%        N/A       3%          4
d - Dimensional Bullseye  Hex/Tloc       12%        N/A       4%          4
e - Apportation           Tloc           50%        N/A       1%          1

Your spell library contained the following spells:

 Spells                   Type           Power      Damage    Failure   Level
 Slow                     Hex            92%        N/A       1%          1
 Jinxbite                 Hex            46%        N/A       1%          2
 Lesser Beckoning         Tloc           50%        N/A       1%          2
 Confusing Touch          Hex            23%        N/A       1%          3
 Gell's Gravitas          Tloc           25%        N/A       1%          3
 Sigil of Binding         Hex            23%        N/A       1%          3
 Teleport Other           Tloc           25%        N/A       1%          3
 Tukima's Dance           Hex            23%        N/A       1%          3
 Manifold Assault         Tloc           25%        N/A       3%          4
 Momentum Strike          Conj/Tloc      26%        3d8       5%          2
 Ensorcelled Hibernation  Hex/Ice        24%        N/A       6%          2
 Sandblast                Erth           16%        2d6       10%         1
 Inner Flame              Hex/Fire       12%        N/A       13%         3
 Freeze                   Ice            4%         1d3       32%         1
 Magic Dart               Conj           4%         1d3       32%         1
 Shock                    Conj/Air       4%         1d3       32%         1
 Sting                    Conj/Alch      4%         1d3       32%         1
 Iskenderun's Mystic Bla  Conj/Tloc      13%        2d5       34%         4
 Vhi's Electric Charge    Tloc/Air       26%        N/A       34%         4
 Anguish                  Hex/Necr       6%         N/A       38%         4
 Call Imp                 Summ           2%         N/A       45%         2
 Mercury Vapours          Alch/Air       2%         N/A       45%         2
 Static Discharge         Conj/Air       2%         3-4/arc   45%         2
 Sublimation of Blood     Necr           1%         N/A       45%         2
 Stone Arrow              Conj/Erth      8%         3d7       47%         3
 Dispersal                Tloc           12%        N/A       50%         6
 Summon Forest            Summ/Tloc      6%         N/A       67%         5
 Frozen Ramparts          Ice            2%         1d1       69%         3
 Fugue of the Fallen      Necr           1%         N/A       69%         3
 Hailstorm                Conj/Ice       1%         3d5       69%         3
 Mephitic Cloud           Conj/Alch/Air  1%         N/A       69%         3
 Ozocubu's Armour         Ice            1%         N/A       69%         3
 Summon Ice Beast         Ice/Summ       1%         N/A       69%         3
 Swiftness                Air            1%         N/A       69%         3
 Vampiric Draining        Necr           1%         2d6       69%         3
 Metabolic Englaciation   Hex/Ice        6%         N/A       75%         5
 Summon Mana Viper        Hex/Summ       12%        N/A       75%         5
 Yara's Violent Unravell  Hex/Alch       6%         3d5       75%         5
 Animate Armour           Summ/Erth      8%         N/A       87%         4
 Brom's Barrelling Bould  Conj/Erth      4%         2d3       87%         4
 Airstrike                Air            0%         2d(1-17)  97%         4
 Animate Dead             Necr           1%         N/A       97%         4
 Ignite Poison            Fire/Alch      1%         N/A       97%         4
 Martyr's Knell           Necr/Summ      1%         N/A       97%         4
 Olgreb's Toxic Radiance  Alch           1%         N/A       97%         4
 Sticky Flame             Fire/Alch      1%         2d4       97%         4
 Summon Blazeheart Golem  Fire/Summ      1%         N/A       97%         4
 Summon Lightning Spire   Summ/Air       1%         N/A       97%         4
 Borgnjor's Vile Clutch   Necr/Erth      2%         N/A       99%         5
 Alistair's Intoxication  Alch           0%         N/A       100%        5
 Arcjolt                  Conj/Air       0%         1d10      100%        5
 Freezing Cloud           Conj/Ice/Air   0%         6-21      100%        5
 Iskenderun's Battlesphe  Conj           1%         2d6       100%        5
 Bombard                  Conj/Erth      2%         9d1       100%        6
 Conjure Ball Lightning   Conj/Air       0%         3x3d6     100%        6
 Eringya's Noxious Bog    Alch           0%         4d6       100%        6
 Sculpt Simulacrum        Ice/Alch       0%         N/A       100%        6
 Haunt                    Necr/Summ      0%         N/A       100%        7
 Monstrous Menagerie      Summ           0%         N/A       100%        7
 Ozocubu's Refrigeration  Ice            0%         4d7       100%        7
 Spellforged Servitor     Conj/Summ      0%         N/A       100%        7
 Summon Hydra             Summ           0%         N/A       100%        7
 Discord                  Hex            11%        N/A       100%        8
 Disjunction              Tloc           12%        N/A       100%        8
 Ignition                 Fire           0%         3d3       100%        8
 Infestation              Necr           0%         N/A       100%        8
 Lehudib's Crystal Spear  Conj/Erth      2%         10d2      100%        8
 Maxwell's Capacitive Co  Air            0%         ∞         100%        8
 Chain Lightning          Conj/Air       0%         2d1       100%        9
 Fire Storm               Conj/Fire      0%         6d1       100%        9
 Polar Vortex             Ice            0%         N/A       100%        9
 Shatter                  Erth           4%         3d7*      100%        9


Dungeon Overview and Level Annotations

Branches:
Dungeon (15/15)            Temple (1/1) D:4            Lair (5/5) D:9
  Swamp (4/4) Lair:3        Snake (4/4) Lair:2        Slime (1/5) Lair:4
    Orc (2/2) D:9             Elf (3/3) Orc:2        Vaults (5/5) D:13
  Crypt (3/3) Vaults:3       Tomb (0/3) Crypt:3      Depths (4/4) D:15
    Zot (5/5) Depths:4     Bailey (visited)           IceCv (visited)
Volcano (visited)          WizLab (visited)         Gauntlet (visited)

Shops:
D:5 [   D:15 ?=?[*   Orc:2 !*(:[   Elf:2 :*   Elf:3 (   Snake:3 *   Vaults:1 :
Vaults:2 *   Vaults:4 *   Depths:1 (

Portals:
Hell: Depths:1 Depths:2 Depths:3 Depths:4
Abyss: Depths:1 Depths:3
Pandemonium: Depths:2 Depths:4
Ziggurat: Depths:2
Trove: D:12 (give +8 demon blade)

Annotations:
D:3 Sigmund
D:14 1 exclusion
Lair:2 3 runed translucent doors, Gejouske's ghost, journeyman GrFi
Snake:3 3 runed translucent doors, exclusion: obsidian statue, mfcas's ghost, journeyman DECj
Zot:5 3 runed translucent doors, Morbidden's ghost, legendary DsCj


Innate Abilities, Weirdness & Mutations

You have an increased reservoir of magic. (+10% MP)
You shall have no god before yourself.
Your divine heritage dramatically boosts your attributes as you level up.


Message History

You shoot a bolt. The bolt hits the hell beast!!!
The bolt freezes the hell beast!!
The hell beast is almost dead.
You shoot a bolt. The bolt hits the hell beast!!!
The bolt freezes the hell beast.
You kill the hell beast!
What level of the Dungeon? (default 1, ? - help)
A bat comes into view.
You see here a +0 short sword.
You shoot a bolt. The bolt hits the bat!!
The bolt freezes the bat.
You kill the bat!
What level of the Dungeon? (default 1, ? - help)
An Ice Fiend comes into view.
You shoot a bolt. The bolt hits the Ice Fiend!!!
The Ice Fiend is severely wounded.
You shoot a bolt. The bolt hits the Ice Fiend!!!
You kill the Ice Fiend!
What level of the Dungeon? (default 1, ? - help)
There is a stone staircase leading up here.
You climb upwards.
There is a stone staircase leading down here.
You see here 4 stones.
There is a stone staircase leading up here.
You climb upwards.
There is a stone staircase leading down here.
Okay, then.
You see here a +0 hand axe.
You see here a +0 club.
You see here a +0 dagger.
There is an open gate here.
You shoot a bolt. The bolt hits the plant!!!!
The plant begins to die.
The bolt freezes the plant!!!
The plant is almost destroyed.
You shoot a bolt. The bolt hits the plant!!!
The bolt freezes the plant.
You destroy the plant!
You see here 4 stones.
There is a staircase leading out of the dungeon here.
What level of the Dungeon? (default 1, ? - help) You're already here!
You have escaped!

#≈≈≈~......♣P.P♣♣.##...##
#≈≈~....♣.♣#########'''##
#≈≈~......P# #...#
#≈≈~≈......# ###.##
#≈≈~≈.....P# #...
#≈≈≈.......# #...
#≈≈≈.....♣♣# #...
#≈≈≈♣...♣♣ ########
#≈≈≈♣..P@♣ ##.....##
#≈≈≈♣♣♣♣♣♣ ##.......#
#≈♣♣♣ #......... #≈♣
#......... #≈♣ #.........
#♣♣ #......... #
#......... #.........
#.........


There were no monsters in sight!

Vanquished Creatures
  A pandemonium lord (Zot:5)
  5 ancient liches
  Frederick (Vaults:3)
  2 dread liches (Zot:5)
  4 orbs of fire
  Mara (Vaults:4)
  A juggernaut (Depths:4)
  2 juggernauts (shapeshifter) (Zot:2)
  8 Killer Klowns
  A royal mummy (Crypt:3)
  A Head Instructor (WizLab)
  Bai Suzhen (Crypt:1)
  Vv (Depths:4)
  2 curse toes (Zot:3)
  A golden dragon (shapeshifter) (Zot:2)
  11 golden dragons
  Norris (Elf:3)
  Nikola (Vaults:2)
  A profane servitor (Crypt:3)
  2 electric golems (Zot:5)
  A bone dragon (Depths:4)
  A Tzitzimitl (Depths:2)
  Jorgrun (Snake:1)
  16 tentacled monstrosities
  An Ice Fiend (D:3)
  4 titans (Vaults:5)
  3 liches
  5 deep elf blademasters
  8 quicksilver dragons
  26 Orb Guardians
  An acid blob (Slime:1)
  7 death cobs
  3 deep elf master archers (Elf:3)
  8 ancient champions
  2 sphinxes
  A caustic shrike (shapeshifter) (Zot:2)
  A thorn hunter (Swamp:4)
  11 storm dragons
  Agnes (D:15)
  Kirke (Swamp:1)
  5 revenants
  4 fenstrider witches
  6 tengu reavers
  Roxanne (Snake:1)
  2 draconian monks
  An azure jelly (shapeshifter) (Zot:2)
  Aizul (Snake:1)
  6 shadow dragons
  The ghost of Zacwoi the Marksfrog, an adept BaHs of Cheibriados (Swamp:1)
  5 nagarajas (Snake:4)
  3 draconian knights
  5 deep elf sorcerers
  8 draconian shifters
  5 protean progenitors
  2 azure jellies (IceCv)
  2 draconian scorchers (Zot:5)
  22 vault wardens
  A balrug (Depths:4)
  A ghost moth (shapeshifter) (Vaults:5)
  3 iron dragons
  4 frost giants
  A caustic shrike zombie (Crypt:3)
  10 fire giants
  3 ghost moths
  Louise (D:15)
  3 deep elf elementalists (Elf:3)
  6 draconian annihilators
  3 curse skulls
  A cacodemon (Depths:2)
  16 ironbound preservers
  2 reapers
  A formless jellyfish (Vaults:4)
  6 ghouls
  A demonspawn blood saint (Zot:1)
  An orc warlord (Orc:2)
  3 deep elf demonologists
  A juggernaut skeleton (Crypt:2)
  18 very ugly things
  15 stone giants
  4 quicksilver oozes
  10 vampire knights
  2 eleionomae
  11 ironbound thunderhulks
  7 green draconians
  A demonspawn black sun (Zot:1)
  6 black draconians
  5 deep elf death magi (Elf:3)
  2 lorocyprocas
  11 yellow draconians
  15 white draconians
  A minotaur (Gauntlet)
  9 purple draconians
  4 spark wasps (Depths:3)
  4 bunyips
  A war gargoyle (Vaults:5)
  11 deep elf annihilators
  Snorg (Orc:1)
  13 red draconians
  12 dire elephants
  12 ettins
  A shambling mangrove (Swamp:4)
  7 fire dragons
  2 eidola
  A merfolk javelineer (Depths:3)
  15 jiangshi
  7 deep elf high priests
  A mummy priest (Crypt:1)
  6 yaktaur captains
  2 great orbs of eyes
  4 entropy weavers
  5 salamander tyrants
  3 hell beasts
  A rakshasa (Depths:4)
  32 vault guards
  4 ogre magi
  2 caustic shrike simulacra
  9 alligators
  3 ice dragons
  5 spriggan air magi
  18 hydras
  6 centaur warriors
  A ghost crab (Swamp:2)
  A spriggan skeleton (Crypt:3)
  6 ironbound frosthearts
  6 catoblepae
  An anaconda (shapeshifter) (Vaults:5)
  11 anacondas
  16 death yaks
  5 naga warriors
  3 death knights
  6 boulder beetles
  7 deep troll earth magi
  26 dancing weapons
  Urug (Orc:2)
  A death scarab (Crypt:1)
  13 vampire magi
  2 two-headed ogres (D:11)
  6 deep troll shamans
  7 orc high priests
  14 naga sharpshooters
  13 shock serpents
  An emperor scorpion zombie (Crypt:2)
  22 deep elf knights
  6 spriggan berserkers
  2 tengu warriors
  2 soul eaters (Crypt:2)
  3 hell knights
  An occultist (WizLab)
  5 skysharks
  A shadow wraith (Crypt:2)
  A sun demon (Depths:2)
  9 salamander mystics
  2 goliath frogs
  2 death drakes
  14 skeletal warriors
  6 spriggan druids
  59 deep trolls
  2 spriggan simulacra (Crypt:2)
  8 bog bodies
  A spectral spark wasp (Depths:4)
  6 glowing orange brains
  3 iron trolls
  2 deep trolls (shapeshifter)
  4 naga ritualists
  An orb spider (Zot:5)
  A glowing orange brain (shapeshifter) (Vaults:5)
  15 mana vipers
  7 arcanists
  10 swamp dragons
  18 ironbound convokers
  8 orc knights
  A swamp dragon (shapeshifter) (D:13)
  A goliath frog zombie (Crypt:1)
  11 deep elf archers
  An alligator zombie (Crypt:1)
  9 lindwurms
  3 steelbarb worms (Zot:2)
  6 flayed ghosts
  An iron dragon zombie (Crypt:3)
  28 deep elf pyromancers
  6 necromancers
  17 phantasmal warriors
  An eleionoma zombie (Crypt:2)
  6 oklob plants
  A shining eye (Slime:1)
  29 deep elf zephyrmancers
  A steelbarb worm (shapeshifter) (Vaults:5)
  A spectral centaur (Gauntlet)
  16 salamanders
  5 orc sorcerers
  3 fauns (shapeshifter)
  25 ugly things
  A will-o-the-wisp (Swamp:3)
  4 cyclopes
  3 manticores
  2 frost giant skeletons
  4 kobold blastminers
  13 moths of wrath
  2 centaur zombies
  Joseph (D:8)
  A meliai (shapeshifter) (D:12)
  16 vault sentinels
  16 elephants
  4 torpor snails
  36 black mambas
  4 gargoyles (Volcano)
  7 guardian serpents
  A stone giant skeleton (Crypt:3)
  21 naga magi
  A smoke demon (Gauntlet)
  An alligator snapping turtle zombie (Crypt:3)
  2 ice statues (IceCv)
  A yaktaur zombie (Vaults:1)
  3 molten gargoyles (Volcano)
  A titan simulacrum (Crypt:2)
  Maggie (D:7)
  An unseen horror (D:11)
  2 kobold demonologists
  21 cane toads
  A swamp worm zombie (Crypt:2)
  11 rime drakes
  4 freezing wraiths
  13 yaktaurs
  An anaconda simulacrum (Crypt:2)
  9 komodo dragons
  Jeremiah (Lair:1)
  3 efreet
  8 tengu conjurers
  3 guardian mummies (Crypt:1)
  3 merfolk (Zot:2)
  7 trolls
  A polar bear (shapeshifter) (Elf:1)
  A yaktaur skeleton (Vaults:1)
  A queen bee (shapeshifter) (D:13)
  7 bloated husks
  A troll (shapeshifter) (D:15)
  2 iron troll skeletons (Crypt:3)
  2 hydra skeletons (Crypt:2)
  7 tyrant leeches
  21 blink frogs
  4 polar bears
  22 hornets
  A hornet (shapeshifter) (D:15)
  A stone giant simulacrum (Vaults:1)
  6 dream sheep (Lair:4)
  2 glass eyes
  18 spriggans
  10 water elementals
  A jumping spider (shapeshifter) (Depths:2)
  2 shadows
  52 slime creatures
  3 air elementals
  6 wraiths
  An ushabti (Crypt:1)
  9 wyverns
  3 vampires (Crypt:3)
  2 fire elementals
  81 yaks
  3 fire bats (Orc:1)
  A hog (Swamp:1)
  A warg (D:15)
  3 ettin skeletons
  3 steam dragons
  24 vampire mosquitoes
  13 basilisks
  6 redbacks
  Grum (D:8)
  A swamp worm (shapeshifter) (Vaults:5)
  Edmund (D:6)
  2 naga zombies
  40 nagas
  A harpy simulacrum (Crypt:3)
  A merfolk zombie (Crypt:3)
  11 swamp worms
  An acid dragon (Gauntlet)
  24 water moccasins
  Duvessa (D:7)
  4 great orb of eyes simulacra (IceCv)
  4 black bears
  5 ice beasts (D:9)
  8 swamp drakes
  34 orc warriors
  8 laughing skulls
  2 sky beasts
  A black bear (shapeshifter) (D:15)
  4 boggarts
  An ettin simulacrum (Crypt:3)
  10 ogres
  6 wolves
  A hog zombie (Crypt:3)
  8 centaurs
  A phantom (D:5)
  4 slime creature simulacra (IceCv)
  An elf zombie (Crypt:1)
  3 kobold brigands
  15 bullfrogs
  6 earth elementals
  4 glowing shapeshifter simulacra (IceCv)
  4 necrophages
  A water moccasin zombie (Crypt:1)
  2 gnoll sergeants
  3 scorpions
  23 wights
  Dowan (D:7)
  A hornet simulacrum (D:15)
  9 killer bees
  An electric eel (Lair:5)
  2 howler monkeys (D:6)
  2 vampire bats (Lair:3)
  A howler monkey (shapeshifter) (D:13)
  3 bombardier beetles
  4 crimson imps (Gauntlet)
  8 hounds
  A lava snake (D:14)
  2 black bear skeletons
  24 orc priests
  A jelly (D:5)
  A centaur skeleton (Crypt:2)
  A gnoll bouda (D:6)
  A sleepcap (D:5)
  4 iguanas
  Terence (D:3)
  A boggart zombie (Crypt:1)
  20 orc wizards
  7 hell rats (Lair:1)
  A killer bee zombie (Crypt:3)
  A tengu skeleton (Crypt:1)
  A hound zombie (Crypt:2)
  A hound skeleton (Crypt:1)
  Robin (D:2)
  27 gnolls
  9 adders
  A steam dragon zombie (Crypt:1)
  A shadow imp (D:6)
  2 white imps
  An adder zombie (Crypt:2)
  2 ribbon worms
  A dart slug (D:3)
  102 orcs
  7 ball pythons
  13 bats
  10 endoplasms
  A giant cockroach (D:1)
  30 goblins
  21 hobgoblins
  6 jackals
  11 kobolds
  4 quokkas
  5 frilled lizards
  4 goblin zombies (D:4)
  4 hobgoblin zombies (D:4)
  2 kobold skeletons
  A quokka skeleton (Crypt:1)
  3 rats
  A river rat skeleton (Crypt:1)
  5 aspiring fleshes (Zot:5)
  A spectral weapon (Swamp:1)
2324 creatures vanquished.

Vanquished Creatures (others)
  A red draconian (Zot:5)
  An arcanist (D:3)
  A bloated husk (Swamp:1)
  A tyrant leech (Swamp:3)
  3 humans (Swamp:1)
  4 vampire mosquitoes (Swamp:1)
  An orc (Orc:2)
  A butterfly (D:10)
13 creatures vanquished.

Grand Total: 2337 creatures vanquished

Notes
Turn   | Place    | Note
-------+----------+-------------------------------------------
     0 | D:1      | Salticid the Demigod Hunter began the quest for the Orb.
     0 | D:1      | Reached XP level 1. HP: 17/17 MP: 3/3
    44 | D:1      | Reached skill level 1 in Stealth
   104 | D:1      | Reached XP level 2. HP: 24/24 MP: 4/4
   592 | D:2      | Noticed Robin
   599 | D:1      | Reached XP level 3. HP: 17/29 MP: 3/5
   935 | D:2      | Killed Robin
  1508 | D:3      | Noticed Sigmund
  1526 | D:3      | Reached XP level 4. HP: 36/36 MP: 6/6
  1731 | D:3      | Noticed Terence
  2114 | D:3      | Noticed a wizard
  2119 | D:3      | Killed a wizard
  2310 | D:3      | Identified the amulet "Rotiagu" {Harm Regen+ Dex+3}
  2399 | D:3      | Reached XP level 5. HP: 41/41 MP: 7/7
  2446 | D:3      | Killed Terence
  2648 | D:3      | Reached skill level 5 in Dodging
  2991 | D:4      | Found a staircase to the Ecumenical Temple.
  3034 | Temple   | Entered the Ecumenical Temple
  3144 | D:4      | Reached XP level 6. HP: 46/48 MP: 8/8
  3318 | D:4      | Reached skill level 4 in Ranged Weapons
  3533 | D:5      | Entered Level 5 of the Dungeon
  3589 | D:5      | Learned a level 2 spell: Blink
  3654 | D:5      | Reached skill level 5 in Ranged Weapons
  3697 | D:5      | Noticed a steam dragon
  3708 | D:5      | Killed a steam dragon
  3709 | D:5      | Reached XP level 7. HP: 48/55 MP: 9/9
  3733 | D:5      | Reached skill level 6 in Ranged Weapons
  3836 | D:5      | Found Peozir's Armour Boutique.
  3844 | D:5      | Bought a +0 pair of boots for 45 gold pieces
  4048 | D:5      | Reached skill level 7 in Ranged Weapons
  4311 | D:5      | Reached XP level 8. HP: 64/64 MP: 10/10
  4641 | D:6      | Noticed Edmund
  4646 | D:6      | Killed Edmund
  4806 | D:6      | Reached skill level 5 in Fighting
  5346 | D:6      | Reached skill level 8 in Ranged Weapons
  5477 | D:6      | Reached XP level 9. HP: 63/75 MP: 11/11
  5514 | D:6      | Reached skill level 9 in Ranged Weapons
  5777 | D:7      | Noticed Maggie
  5784 | D:7      | Noticed Duvessa
  5792 | D:7      | Noticed Dowan
  5804 | D:7      | Killed Duvessa
  5809 | D:7      | Killed Maggie
  5812 | D:7      | Killed Dowan
  6407 | D:8      | Noticed Grum
  6436 | D:7      | Reached skill level 10 in Ranged Weapons
  6473 | D:8      | Identified the +2 robe "Nommarhinukk" {-Cast rN++}
  6517 | D:8      | Noticed Joseph
  6531 | D:8      | Killed Joseph
  6569 | D:8      | Reached XP level 10. HP: 82/86 MP: 13/13
  6569 | D:8      | Killed Grum
  6592 | D:8      | Found a flagged portal.
  6597 | Bailey   | Entered a bailey
  6931 | Bailey   | Noticed an orc warlord
  6956 | Bailey   | Reached skill level 1 in Spellcasting
  6956 | Bailey   | Reached skill level 1 in Translocations
  7093 | Bailey   | Reached skill level 13 in Ranged Weapons
  7093 | Bailey   | Reached XP level 11. HP: 94/94 MP: 15/15
  7869 | D:9      | Found a staircase to the Orcish Mines.
  8205 | D:9      | Found a staircase to the Lair.
  8414 | D:10     | Entered Level 10 of the Dungeon
  9481 | D:11     | Noticed a two-headed ogre
  9491 | D:11     | Killed a two-headed ogre
  9562 | D:11     | Reached XP level 12. HP: 87/103 MP: 18/18
  9587 | D:11     | Found a frozen archway.
  9612 | IceCv    | Entered an ice cave
  9703 | IceCv    | Noticed a quicksilver ooze
  9733 | IceCv    | Reached skill level 14 in Ranged Weapons
  9762 | IceCv    | Noticed a quicksilver ooze
  9792 | IceCv    | Killed a quicksilver ooze
  9903 | IceCv    | Noticed a quicksilver ooze
  9965 | IceCv    | Killed a quicksilver ooze
 10029 | IceCv    | Killed a quicksilver ooze
 10481 | IceCv    | Noticed an azure jelly
 10799 | IceCv    | Noticed an azure jelly
 10804 | IceCv    | Killed an azure jelly
 10932 | IceCv    | Killed an azure jelly
 10933 | IceCv    | Reached skill level 10 in Fighting
 10933 | IceCv    | Reached skill level 10 in Dodging
 10975 | IceCv    | Found the +3 Mad Mage's Maulers {Infuse+∞ VampMP -Cast}
 10985 | IceCv    | Got the ring "Aqaroq" {rC+ Will+ Dex+3}
 10989 | IceCv    | Identified the +5 chain mail of the Weaver {rElec rPois
                  | rF++ Int-2}
 11803 | D:12     | Found a portal to a secret trove of treasure.
 12335 | Lair:1   | Entered Level 1 of the Lair of Beasts
 12403 | Lair:1   | Reached XP level 13. HP: 53/114 MP: 19/19
 12465 | Lair:1   | Noticed Jeremiah
 12476 | Lair:1   | Killed Jeremiah
 13803 | Lair:1   | Identified the ring "Pahoth" {Fire Int+4 SInv}
 13961 | Lair:2   | Identified 3 scrolls of acquirement
 13962 | Lair:2   | Acquired a +1 triple crossbow of freezing
 14067 | Lair:2   | Found a staircase to the Snake Pit.
 14309 | Lair:2   | Noticed Gejouske's ghost (journeyman GrFi)
 14311 | Lair:2   | Noticed a minotaur
 14358 | Lair:2   | Found a runed translucent gate.
 14358 | Lair:2   | Found a runed translucent gate.
 14360 | Lair:2   | Found a runed translucent gate.
 15028 | Lair:3   | Reached XP level 14. HP: 105/127 MP: 20/20
 15168 | Lair:3   | Identified the +4 ring mail of the Pits of Slime {Regen+
                  | Int+3}
 15203 | Lair:3   | Reached skill level 15 in Ranged Weapons
 15221 | Lair:3   | Found a staircase to the Swamp.
 15801 | Lair:4   | Acquired the +0 mask of the Dragon {Will+ Slay+3 SInv}
 15801 | Lair:4   | Found the +0 mask of the Dragon {Will+ Slay+3 SInv}
 15814 | Lair:4   | Acquired a manual of Fighting
 16353 | Lair:4   | Found a staircase to the Slime Pits.
 17100 | Lair:5   | Entered Level 5 of the Lair of Beasts
 17210 | Lair:5   | Reached skill level 16 in Ranged Weapons
 17818 | Lair:5   | Reached XP level 15. HP: 139/139 MP: 21/21
 18033 | Lair:5   | Found the +13 scythe of Curses {drain, curses, ^Drain}
 18404 | Orc:1    | Entered Level 1 of the Orcish Mines
 18487 | Orc:2    | Entered Level 2 of the Orcish Mines
 18516 | Orc:2    | Found Pori's Weapon Shoppe.
 18516 | Orc:2    | Found Aguom's General Store.
 18634 | Orc:1    | Reached skill level 17 in Ranged Weapons
 18672 | Orc:1    | Noticed Snorg
 18675 | Orc:1    | Killed Snorg
 18678 | Orc:1    | You fall into a shaft and drop 1 floor!
 18678 | Orc:2    | Noticed Urug
 18684 | Orc:2    | Killed Urug
 18689 | Orc:2    | Reached skill level 15 in Fighting
 18774 | Orc:2    | Reached skill level 1 in Evocations
 18791 | Orc:1    | Learned a level 3 spell: Passwall
 18796 | Orc:1    | Found a dark tunnel.
 18835 | Volcano  | Entered a volcano
 18976 | Volcano  | Noticed an orb of fire
 18985 | Volcano  | Got the Book of Calling and Spellbinding
 19004 | Volcano  | Noticed an orb of fire
 19011 | Volcano  | Reached skill level 1 in Earth Magic
 19313 | Orc:2    | Found Bataps's Distillery.
 19420 | Orc:2    | Found a staircase to the Elven Halls.
 19497 | Orc:2    | Found Gaeb's Armour Shop.
 19498 | Orc:2    | Found Syro's Book Shoppe.
 19518 | Orc:2    | Bought a scroll of teleportation for 48 gold pieces
 19518 | Orc:2    | Bought a scroll of fog for 64 gold pieces
 19781 | Orc:2    | Bought a potion of cancellation for 104 gold pieces
 19781 | Orc:2    | Bought a potion of mutation for 104 gold pieces
 19781 | Orc:2    | Bought a potion of heal wounds for 65 gold pieces
 20154 | D:13     | Found a gate to the Vaults.
 20611 | D:14     | Found a gate leading to a gauntlet.
 20629 | Gauntlet | Entered a Gauntlet
 20629 | Gauntlet | Found a transporter.
 20629 | Gauntlet | Found a transporter.
 20630 | Gauntlet | Found a transporter.
 20630 | Gauntlet | Found a transporter.
 20633 | Gauntlet | Found a transporter.
 20633 | Gauntlet | Found a transporter.
 20645 | Gauntlet | Found a transporter.
 20647 | Gauntlet | Found a transporter.
 20657 | Gauntlet | Found a transporter.
 20763 | Gauntlet | Found a transporter.
 20763 | Gauntlet | Found a transporter.
 20773 | Gauntlet | Found a transporter.
 20981 | Gauntlet | Identified the +1 hat of Baldness {Fly Str+5}
 21075 | Gauntlet | Identified the +9 quarterstaff "Resucad" {holy, rElec rF-
                  | rCorr Int+5}
 21085 | Gauntlet | Identified the +3 flail "Dal Lask" {elec, rElec Str+3}
 21554 | D:15     | Entered Level 15 of the Dungeon
 21554 | D:15     | Found Udeuge's Jewellery Boutique.
 21655 | D:15     | Noticed Agnes
 21659 | D:15     | Killed Agnes
 21688 | D:15     | Found Quriyf's Armour Shoppe.
 21698 | D:15     | Reached XP level 16. HP: 151/151 MP: 22/22
 21832 | D:15     | Reached skill level 18 in Ranged Weapons
 21871 | D:15     | Found Siveev's Magic Scroll Shop.
 21879 | D:15     | Bought a scroll of enchant armour for 120 gold pieces
 21879 | D:15     | Bought a scroll of teleportation for 48 gold pieces
 21879 | D:15     | Bought a scroll of revelation for 120 gold pieces
 21879 | D:15     | Bought 3 scrolls of fog for 192 gold pieces
 21912 | D:15     | Found Edaef's Magic Scroll Emporium.
 21920 | D:15     | Bought 3 scrolls of summoning for 570 gold pieces
 21920 | D:15     | Bought a scroll of identify for 40 gold pieces
 21920 | D:15     | Bought a scroll of identify for 40 gold pieces
 21920 | D:15     | Bought a scroll of enchant weapon for 150 gold pieces
 21920 | D:15     | Bought a scroll of identify for 40 gold pieces
 22029 | D:15     | Found a staircase to the Depths.
 22119 | D:15     | Noticed Louise
 22128 | D:15     | Killed Louise
 22155 | D:15     | Found Piryimaj's Assorted Antiques.
 22167 | D:15     | Bought a potion of experience for 1000 gold pieces
 22167 | D:15     | Bought a glass wand for 80 gold pieces
 22167 | D:15     | Bought a scroll labelled SUD PIZOATU for 20 gold pieces
 22167 | D:15     | Reached XP level 17. HP: 160/160 MP: 24/24
 22441 | Swamp:1  | Entered Level 1 of the Swamp
 22670 | Swamp:1  | Noticed Kirke
 22674 | Swamp:1  | Killed Kirke
 22681 | Swamp:1  | Found a runed translucent door.
 22682 | Swamp:1  | Noticed Zacwoi's ghost (adept BaHs)
 22700 | Swamp:1  | Identified the +4 pair of boots "Ihimezox" {rF+ rC- rN+}
 22705 | Swamp:1  | Identified the +5 trident of Zuhaer {spect, rN+ Dex+4
                  | Stlth+}
 22975 | Swamp:1  | Reached skill level 15 in Dodging
 22995 | Swamp:1  | Killed Zacwoi's ghost
 23684 | Swamp:3  | Reached skill level 19 in Ranged Weapons
 24261 | Swamp:4  | Entered Level 4 of the Swamp
 24564 | Swamp:4  | Got a decaying rune of Zot
 25188 | D:15     | Bought a scroll of blinking for 150 gold pieces
 25401 | Snake:1  | Entered Level 1 of the Snake Pit
 25466 | Snake:1  | Learned a level 4 spell: Passage of Golubria
 25676 | Snake:1  | Identified the serpent talisman of Lugonu's Supremacy
                  | {Will+}
 25676 | Snake:1  | Noticed Aizul
 25684 | Snake:1  | Killed Aizul
 25758 | Snake:1  | Reached XP level 18. HP: 170/170 MP: 25/25
 25905 | Snake:1  | Noticed Roxanne
 25914 | Snake:1  | Killed Roxanne
 26042 | Snake:1  | Noticed Jorgrun
 26048 | Snake:1  | Killed Jorgrun
 26183 | Snake:1  | Reached skill level 20 in Ranged Weapons
 26745 | Snake:2  | Reached skill level 5 in Evocations
 27777 | Snake:3  | Found a runed translucent gate.
 27777 | Snake:3  | Found a runed translucent gate.
 27780 | Snake:3  | Found a runed translucent gate.
 27782 | Snake:3  | Noticed mfcas's ghost (journeyman DECj)
 27783 | Snake:3  | Found Rath's Assorted Antiques.
 28044 | Snake:4  | Entered Level 4 of the Snake Pit
 28452 | Snake:4  | Got a serpentine rune of Zot
 29191 | Elf:1    | Entered Level 1 of the Elven Halls
 29245 | Elf:1    | Reached XP level 19. HP: 153/181 MP: 26/26
 29407 | Elf:1    | Got the Directory of the Retinue
 30365 | Elf:2    | Found a runed translucent gate.
 30366 | Elf:2    | Found a runed translucent gate.
 30370 | Elf:2    | Found a runed translucent gate.
 30754 | Elf:2    | Found Vekocun's Tremendous Tomes.
 30874 | Elf:2    | Found Xayru's General Store.
 30886 | Elf:2    | Bought a scroll of blinking for 120 gold pieces
 30886 | Elf:2    | Bought a scroll of blinking for 120 gold pieces
 30886 | Elf:2    | Bought a scroll of blinking for 120 gold pieces
 31054 | Elf:3    | Entered Level 3 of the Elven Halls
 31119 | Elf:3    | Noticed Norris
 31136 | Elf:3    | Killed Norris
 31258 | Elf:3    | Found Lojuc's Antique Weapon Shop.
 32189 | Elf:3    | Identified the ring "Hasouzu" {Wiz rCorr Int+4}
 32373 | Elf:3    | Identified the +6 orcbow "Efarhedav" {antimagic, rF++
                  | Str+3}
 32411 | Elf:3    | Reached XP level 20. HP: 193/193 MP: 27/27
 32454 | Elf:3    | Identified the +2 falchion of Wyrd {flame, *Corrode rElec
                  | rN+}
 32757 | Vaults:1 | Entered Level 1 of the Vaults
 32880 | Vaults:1 | Identified the +0 robe of Patience {^Drain Dex+3 Archmagi}
 32917 | Vaults:1 | Found Iwuurch's Book Emporium.
 33806 | Vaults:2 | Found a magical portal.
 33832 | WizLab   | Entered Yara's Duelist Academy
 34129 | WizLab   | Noticed Neered
 34162 | WizLab   | Got Yara's Folio of Hexes
 34235 | WizLab   | Killed Neered the Head Instructor
 34886 | Vaults:2 | Found Like's General Store.
 34891 | Vaults:2 | Bought a scroll of revelation for 142 gold pieces
 35257 | Vaults:2 | Noticed Nikola
 35265 | Vaults:2 | Killed Nikola
 35644 | Vaults:3 | Reached XP level 21. HP: 183/204 MP: 28/28
 35844 | Vaults:3 | Found a staircase to the Crypt.
 35950 | Vaults:3 | Identified the orb of the Abyss {*channel, ^Drain rPois
                  | Str+5 Slay-3}
 35950 | Vaults:3 | Noticed Frederick
 35959 | Vaults:3 | Killed Frederick
 35960 | Vaults:3 | Reached skill level 21 in Ranged Weapons
 36723 | Vaults:4 | Found Duelyf's Assorted Antiques.
 36731 | Vaults:4 | Bought a pair of glowing gloves for 187 gold pieces
 36832 | Vaults:4 | Noticed Mara
 36837 | Vaults:4 | Killed Mara
 36940 | Vaults:4 | Reached skill level 5 in Translocations
 37311 | Vaults:4 | Learned a level 4 spell: Dimensional Bullseye
 37472 | Crypt:1  | Entered Level 1 of the Crypt
 37478 | Crypt:1  | Reached skill level 1 in Hexes
 38085 | Crypt:1  | Noticed Bai Suzhen
 38092 | Crypt:1  | Killed Bai Suzhen
 38402 | Crypt:2  | Reached skill level 5 in Hexes
 38419 | Crypt:2  | Reached skill level 22 in Ranged Weapons
 38955 | Crypt:3  | Entered Level 3 of the Crypt
 39153 | Crypt:3  | Reached XP level 22. HP: 213/213 MP: 29/29
 39379 | Crypt:3  | Found a staircase to the Tomb.
 39698 | Crypt:3  | Noticed a royal mummy
 39710 | Crypt:3  | Killed a royal mummy
 39752 | Crypt:3  | Identified the staff "Helaptag" {rF+ Dex+3 Conj Fire}
 39753 | Crypt:3  | Identified the amulet of Xorod {Spirit Dex+6}
 39798 | Crypt:3  | Acquired the +5 triple crossbow of Avaenau {heavy, rC-
                  | Dex+6}
 39807 | Crypt:3  | Identified the staff "Fak Rion" {rElec rC+ Str+2 Int+4
                  | Dex-5 Ice}
 39807 | Crypt:3  | Identified the death talisman of Neysy {rF+ rC++ Str-5
                  | Slay+2}
 39852 | Crypt:3  | Upgraded the game from 0.32-a0-13-gbaedc5810e to
                  | 0.32-a0-18-g89e19f1974
 40288 | Slime:1  | Entered Level 1 of the Pits of Slime
 40678 | Vaults:5 | Entered Level 5 of the Vaults
 40741 | Vaults:5 | Reached skill level 23 in Ranged Weapons
 40792 | Vaults:5 | Identified the +0 chain mail of Noon {*Slow Fly Dex+3}
 40830 | Vaults:5 | Identified the +4 shortbow of Gluttony {freeze, rElec rF+}
 41156 | Vaults:5 | Got a silver rune of Zot
 41172 | Vaults:5 | Identified the +0 scale mail of Bepsug {rElec}
 41259 | Vaults:5 | Reached skill level 24 in Ranged Weapons
 41512 | Vaults:5 | Noticed an ancient lich
 41516 | Vaults:5 | Killed an ancient lich
 41521 | Vaults:5 | Identified the +11 rapier "Worm" {freeze, rPois rN+ SInv}
 41598 | Vaults:5 | Reached XP level 23. HP: 220/220 MP: 30/30
 41741 | Vaults:5 | Found the +8 whip "Snakebite" {venom, curare, rPois}
 41755 | Vaults:5 | Acquired 552 gold pieces
 42252 | Depths:1 | Entered Level 1 of the Depths
 42288 | Depths:1 | Found a gateway to Hell.
 42477 | Depths:1 | Found a one-way gate to the infinite horrors of the Abyss.
 42854 | Depths:1 | Found Wayqam's Weapon Emporium.
 43203 | Depths:2 | Reached skill level 25 in Ranged Weapons
 43543 | Depths:2 | Found a one-way gate leading to the halls of Pandemonium.
 43625 | Depths:2 | Found a one-way gateway to a ziggurat.
 43996 | Depths:3 | Reached skill level 10 in Translocations
 44784 | Depths:4 | Entered Level 4 of the Depths
 44847 | Depths:4 | Found a gate to the Realm of Zot.
 44899 | Depths:4 | Got a midnight gem with 432 turns to spare
 44997 | Depths:4 | Noticed a juggernaut
 45005 | Depths:4 | Killed a juggernaut
 45006 | Depths:4 | Reached skill level 26 in Ranged Weapons
 45282 | Depths:4 | Identified the ring "Maergh" {Fire +Blink rElec rN+ Stlth+}
 45340 | Depths:4 | Lost the midnight gem through the power of Zot.
 45503 | Depths:4 | Noticed Vv
 45511 | Depths:4 | Killed Vv
 45703 | Zot:1    | Entered Level 1 of the Realm of Zot
 45798 | Zot:1    | Identified the +0 leather armour "Ischifapt" {Will+ Str+3
                  | Stlth+}
 45858 | Zot:1    | Identified the +7 whip "Riblobug" {freeze, Str+6 Stlth+}
 45932 | Zot:1    | You fall into a shaft and drop 1 floor!
 45940 | Zot:2    | Reached XP level 24. HP: 206/228 MP: 32/32
 46027 | Zot:2    | Identified the +0 robe of Honour {rElec Str-2 Int+6}
 46175 | Zot:2    | Noticed a Killer Klown
 46178 | Zot:2    | Killed a Killer Klown
 46689 | Zot:2    | an iron dragon changed into a juggernaut
 46689 | Zot:2    | Noticed a juggernaut (glowing shapeshifter)
 46689 | Zot:2    | a juggernaut changed into an emperor scorpion
 46692 | Zot:2    | a rockslime changed into a juggernaut
 46692 | Zot:2    | Noticed a juggernaut (glowing shapeshifter)
 46693 | Zot:2    | a juggernaut changed into a shadow dragon
 46694 | Zot:2    | a shadow dragon changed into a juggernaut
 46694 | Zot:2    | Noticed a juggernaut (glowing shapeshifter)
 46699 | Zot:2    | Killed a juggernaut
 46945 | Zot:1    | Noticed an orb of fire
 46951 | Zot:1    | Killed an orb of fire
 48344 | Zot:4    | Identified the ring "Miessut" {+Blink rN+ EV+5 Int+3 Dex+3}
 48624 | Zot:4    | Noticed a Killer Klown
 48627 | Zot:4    | Killed a Killer Klown
 48959 | Zot:5    | Entered Level 5 of the Realm of Zot
 49473 | Zot:5    | Found a runed translucent gate.
 49473 | Zot:5    | Found a runed translucent gate.
 49473 | Zot:5    | Noticed Morbidden's ghost (legendary DsCj)
 49474 | Zot:5    | Found a runed translucent gate.
 49538 | Zot:5    | Noticed a Killer Klown
 49542 | Zot:5    | Killed a Killer Klown
 49563 | Zot:5    | Noticed an orb of fire
 49563 | Zot:5    | Noticed an ancient lich
 49565 | Zot:5    | Killed an orb of fire
 49566 | Zot:5    | Noticed an ancient lich
 49567 | Zot:5    | Killed an ancient lich
 49568 | Zot:5    | Reached XP level 25. HP: 243/243 MP: 15/32
 49570 | Zot:5    | Killed an ancient lich
 49570 | Zot:5    | Noticed an orb of fire
 49575 | Zot:5    | Killed an orb of fire
 49634 | Zot:5    | Noticed an ancient lich
 49639 | Zot:5    | Killed an ancient lich
 49848 | Zot:5    | Noticed an orb of fire
 49852 | Zot:5    | Killed an orb of fire
 49862 | Zot:5    | Noticed a dread lich
 49863 | Zot:5    | Noticed a dread lich
 49864 | Zot:5    | Reached skill level 10 in Hexes
 49867 | Zot:5    | Killed a dread lich
 49875 | Zot:5    | Killed a dread lich
 50019 | Zot:5    | Noticed an ancient lich
 50022 | Zot:5    | Killed an ancient lich
 50144 | Zot:5    | Learned a level 1 spell: Apportation
 50145 | Zot:5    | Got the Orb of Zot
 50181 | Zot:5    | Noticed Ytojoim the pandemonium lord
 50187 | Zot:5    | Killed Ytojoim the pandemonium lord
 50729 | D:2      | Noticed Tetet the pandemonium lord
 50800 | D:$      | Escaped with the Orb!

Illustrated notes

Levels and vault maps discovered:
D:1:      kennysheep_arrival_seaside, layout_rooms
D:2:      layout_loops_cross, uniq_robin
D:3:      layout_basic, trog_wizard, uniq_terence, uniq_sigmund
D:4:      layout_loops_ring, nicolae_tso_besieged_by_evil,
          minmay_temple_entry_enclosed_plants
D:5:      layout_loops_corners, nzn_wu_jian_council_hall, serial_shops,
          nicolae_shop_getting_attention
D:6:      layout_loops_ring, jmf_multi_god_temple, nzn_random_ring, uniq_edmund
D:7:      layout_loops_cross, minmay_tree_intersection, uniq_duvessa,
          uniq_maggie
D:8:      layout_rooms, enter_bailey_4, uniq_grum, uniq_joseph
D:9:      layout_loops_cross, nicolae_qazlal_general_emergency,
          lemuel_crystal_altar, hellmonk_lair_entry_icy,
          kennysheep_orc_monster_closet_entryway
D:10:     layout_long_grid, nicolae_overflow_crystal_walls,
          nicolae_elyvilon_peaceful_grove, serial_library_hellmonk_big_corner,
          minivault_24
D:11:     layout_small_grid, portal_ice_cave_entry_pillars_2
D:12:     layout_cave_pools, enter_trove_2
D:13:     nicolae_cairo_tiling_large, layout_basic, david_vaults_2, hex_tiny,
          minmay_misc_feat_encased
D:14:     layout_rooms, nicolae_kite_square_tiling_tiny, gauntlet_entry_generic,
          slow_altar_1
D:15:     hellmonk_depths_entry_around_the_bend, layout_rooms, serial_shops,
          shop, shop, nicolae_lakefront_shop, shop, nicolae_shop_hallway_stairs,
          uniq_louise, uniq_agnes
Temple:   dshaligram_water_room_temple
Lair:1:   minmay_lair_oklob_tunnel, layout_loops_ring,
          minmay_stone_trees_medium, uniq_jeremiah
Lair:2:   layout_loops_ring, minmay_snake_entry_six_corridors,
          maelrawn_ghost_gauntlet_escape
Lair:3:   layout_long_grid, mainiacjoe_swamp_entry_angry_trees, roderic_batcave,
          grunt_forest_stairs_basic
Lair:4:   regret_index_malice_mire, layout_layer_cave, slime_entry_1
Lair:5:   minmay_lair_end_frog_pond, layout_cave_pods
Swamp:1:  layout_falls_marsh, ebering_ghost_funeral_grove,
          evilmike_swamp_ruin_house_2, uniq_kirke
Swamp:2:  layout_basic_swamp, evilmike_swamp_ruin_house_4,
          nicolae_swamp_oklob_treasure_island
Swamp:3:  layout_basic_swamp, nicolae_swamp_reclaimed_castle, swamp_pool_1_2,
          roderic_carrion_pond
Swamp:4:  swamp_alternative, layout_basic_swamp, swamp_pool_1_2,
          nicolae_swamp_tree_isthmus
Snake:1:  cheibrodos_snake_lava_hold, layout_chambers, grunt_megastairs_1,
          uniq_jorgrun, uniq_aizul, uniq_roxanne
Snake:2:  layout_cave_town, grunt_megastairs_2
Snake:3:  layout_misc_corridors, ebering_ghost_gozag
Snake:4:  hellmonk_snake_rune_quicksilver_temple, layout_cave_town,
          nicolae_zig_zag_zippers, grunt_megastairs_4
Slime:1:  layout_caves, cheibrodos_slime_lost_civilization_7
Orc:1:    layout_diamond_mine, nicolae_volcano_entry_batcave,
          nicolae_orc_beogh_chapel, uniq_snorg
Orc:2:    st_orc_elflike, layout_caves, serial_shops, nicolae_square_shop,
          uniq_urug
Elf:1:    nicolae_elf_arrival_no_cutting_in_line, layout_gridlike,
          minmay_elf_demonology
Elf:2:    nicolae_elf_blades_splatter_lattice [grunt_blade_entry_basic],
          layout_onion_city, serial_shops, shop,
          serial_library_hellmonk_secret_room, nicolae_shop_i_like_big_books,
          st_stairs_5
Elf:3:    minmay_elf_hall, layout_geoelf_octagon, serial_shops,
          nicolae_shop_tiny_waterfront, uniq_norris
Vaults:1: nicolae_vaults_trapezoid_1, nicolae_vaults_frosty_reception,
          grunt_vaults_trifunnel, nicolae_vaults_oval_intersection,
          hangedman_vaults_nails, hangedman_vaults_pinch, v_misc_5,
          ontoclasm_vaults_shuriken, nicolae_vaults_crenellated_ambush,
          nicolae_vaults_sesquioval_fish, vaults_mumra_chevron_long,
          layout_vaults_maze, serial_shops, shop
Vaults:2: lightli_enter_wizlab_magi_temple, hangedman_vaults_impose,
          nicolae_vaults_diagonal_hallway_7, v_misc_2, vaults_room_pool,
          nicolae_vaults_offset_grid_hallway_2, nicolae_vaults_trapezoid_3,
          vaults_dpeg_hooks, vaults_room_pool, layout_vaults_omnigrid,
          serial_shops, shop, uniq_nikola, uniq_margery
Vaults:3: nicolae_vaults_trapezoid_lopsided_4, minmay_crypt_entry_simple_round,
          nicolae_vaults_bisected_slash, grunt_vaults_hallway_short,
          nicolae_vaults_sealed_display, nicolae_vaults_tetromino_Z_2,
          nicolae_vaults_wine_cellar, hangedman_vaults_trim,
          nicolae_vaults_little_squares_2, vaults_room_ringed_pool,
          nicolae_vaults_trapezoid_layered, nicolae_vaults_specimen_jars,
          nicolae_vaults_tetromino_L_2, layout_vaults_omnicross, uniq_frederick
Vaults:4: nicolae_vaults_twisting_passages, nicolae_vaults_trapezoid_3,
          v_misc_10, nicolae_vaults_little_squares_5, vaults_room_pool,
          nicolae_vaults_tangram_1, hangedman_vaults_stitches,
          nicolae_vaults_little_ls, nicolae_vaults_storage_room_statues,
          serial_ice_h, hangedman_vaults_slice, layout_vaults_big_room,
          serial_shops, nicolae_shop_tiny_real_fake_doors, uniq_mara
Vaults:5
Crypt:1:  layout_chaotic_city, nicolae_crypt_grand_chamber, uniq_bai_suzhen
Crypt:2:  layout_misc_corridors
Crypt:3:  lightli_unholy_cathedral, layout_chaotic_city,
          serial_sigils_hangedman_quiver
Depths:1: layout_gridlike, abyss_entry, nicolae_ashenzari_panopticon,
          hell_entry, serial_shops, shop, minmay_holes,
          serial_library_hellmonk_room_b, nicolae_ru_awakened_eye
Depths:2: nicolae_BIG_FREAKIN_CUBE, layout_cave_pools, enter_ziggurat_f,
          rand_demon_pan_entry_8, grunt_hell_entry_dis_grunt,
          grunt_gozag_breadcrumbs, serial_bayou_shore_b
Depths:3: nicolae_moon_pools, layout_basic, hell_entry, abyss_entry_flame_altar,
          grunt_decor_cap
Depths:4: grunt_zot_entry_tricorne, layout_honeycomb, pan_entry,
          nemelex_diamond_rough_becter, grunt_mini_vestibule, nicolae_tricolors,
          uniq_vv
Zot:1:    layout_basic
Zot:2:    layout_concentric_octagons, grunt_ministairs_13,
          hellmonk_formless_pools
Zot:3:    layout_basic, regret_index_zotdec_banners
Zot:4:    layout_concentric_octagons
Zot:5:    layout_gridlike, gammafunk_ghost_ooze, hangedman_zot_diagonal_lockstep

Skill      XL: |  1  2  3  4  5  6  7  8  9 10 11 12 13 14 15 16 17 18 19 20 21 22 23 24 25 |
---------------+----------------------------------------------------------------------------+-----
Stealth        | 1 2 4 |  4.0
Fighting       | 2 3 6 7 8 10 12 14 16 17 18 20 21 23 24 | 24.1
Dodging        | 2 3 4 5 6 7 8 10 12 13 14 15 17 19 21 23 24 | 24.1
Ranged Weapons | 5 7 8 10 13 14 16 17 18 19 20 22 24 26 | 26.0
Spellcasting   | 1 2 3 |  3.0
Translocations | 1 4 7 9 11 | 11.0
Evocations     | 4 8 9 |  9.0
Earth Magic    | 2 3 |  3.0
Hexes          | 6 8 9 10 | 10.0
Armour         | |  0.3

Action                     |  1- 3 |  4- 6 |  7- 9 | 10-12 | 13-15 | 16-18 | 19-21 | 22-24 | 25-27 || total
---------------------------+-------+-------+-------+-------+-------+-------+-------+-------+-------++-------
  Melee: Great sword       |       |       |       |       |     2 |       |       |       |       ||     2
   Fire: Shortbow          |   146 |   251 |   389 |  1102 |   357 |       |       |       |       ||  2245
         Longbow           |       |       |       |       |  1119 |   814 |  1369 |   825 |       ||  4127
         Triple crossbow   |       |       |       |       |       |       |       |   326 |   120 ||   446
  Throw: Dart              |       |     2 |     1 |       |     2 |       |       |       |       ||     5
         Javelin           |       |       |     2 |       |       |       |       |       |       ||     2
         Throwing net      |       |       |       |       |     1 |       |       |       |       ||     1
   Cast: Passwall          |       |       |       |       |     1 |       |     2 |       |       ||     3
         Dimensional Bulls |       |       |       |       |       |       |       |    11 |    13 ||    24
         Apportation       |       |       |       |       |       |       |       |       |     1 ||     1
  Evoke: Wand              |       |       |       |     2 |       |     2 |       |       |       ||     4
         Tin of tremorston |       |       |       |       |     1 |       |       |       |       ||     1
         Lightning rod     |       |       |       |       |       |       |     3 |       |       ||     3
         Phial of floods   |       |       |       |       |       |       |     1 |       |       ||     1
         Phantom mirror    |       |       |       |       |       |       |     1 |       |       ||     1
    Use: Scroll            |     1 |     5 |     3 |     6 |    19 |     7 |     4 |    13 |       ||    58
         Potion            |       |       |     4 |     2 |       |     6 |     1 |       |     1 ||    14
 Armour: Leather armour    |    30 |       |       |    43 |   188 |    58 |    81 |   102 |    27 ||   529
         Robe              |     6 |    42 |       |       |       |       |       |       |       ||    48
         Steam dragon scal |       |       |    98 |   108 |       |       |       |       |       ||   206
         Skin              |       |       |    19 |    12 |       |       |       |       |       ||    31
  Dodge: Dodged            |    40 |    81 |   181 |   364 |   659 |   191 |   358 |   544 |   109 ||  2527

Table legend: (Time is in decaauts)
 A = Elapsed time spent in this place.
 B = Non-inter-level travel time spent in this place.
 C = Inter-level travel time spent in this place.
 D = Time resting spent in this place.
 E = Time spent auto-exploring this place.
 F = Levels seen in this place.
 G = Mean time per level.
                   A        B        C        D        E       F      G
               +--------+--------+--------+--------+--------+-----+--------+
         Total |  50031 |  44870 |   5161 |   1459 |  30821 |  57 |  877.7 |
       Dungeon |  13297 |  11084 |   2213 |    154 |   7852 |  15 |  886.5 |
        Temple |      1 |      1 |      0 |      0 |      0 |   1 |    1.0 |
          Lair |   6483 |   5642 |    841 |     21 |   4024 |   5 | 1296.6 |
         Swamp |   2616 |   2466 |    150 |      0 |   1958 |   4 |  654.0 |
     Snake Pit |   3543 |   3333 |    210 |     23 |   2740 |   4 |  885.8 |
    Slime Pits |     13 |     13 |      0 |      0 |      0 |   1 |   13.0 |
  Orcish Mines |   1204 |   1067 |    137 |      0 |    531 |   2 |  602.0 |
   Elven Halls |   3337 |   3138 |    199 |    468 |   2126 |   3 | 1112.3 |
        Vaults |   5751 |   4989 |    762 |      0 |   3625 |   5 | 1150.2 |
         Crypt |   2327 |   2185 |    142 |     33 |   1530 |   3 |  775.7 |
        Depths |   3456 |   3271 |    185 |      0 |   2722 |   4 |  864.0 |
           Zot |   4737 |   4418 |    319 |    202 |   3258 |   5 |  947.4 |
        Bailey |    499 |    499 |      0 |     22 |     12 |   1 |  499.0 |
      Ice Cave |   1385 |   1385 |      0 |    403 |      0 |   1 | 1385.0 |
       Volcano |    316 |    316 |      0 |      1 |     96 |   1 |  316.0 |
        Wizlab |    479 |    479 |      0 |     95 |    116 |   1 |  479.0 |
      Gauntlet |    581 |    581 |      0 |     34 |    228 |   1 |  581.0 |
               +--------+--------+--------+--------+--------+-----+--------+

Top non-repeatable levels by time:
  Lair:1: 1712 daAuts
  Lair:4: 1535 daAuts
   Elf:3: 1466 daAuts
   IceCv: 1385 daAuts
 Snake:1: 1270 daAuts
     D:9: 1261 daAuts
   Zot:5: 1240 daAuts
Vaults:3: 1237 daAuts
Vaults:2: 1230 daAuts
Vaults:5: 1215 daAuts
Vaults:1: 1191 daAuts
  Lair:5: 1127 daAuts
     D:3: 1118 daAuts
     D:5: 1112 daAuts
     D:6: 1086 daAuts
